 Dungeon Crawl Stone Soup version 0.30-a0-12-gd8047c6341 (webtiles) character file.

Game seed: 11886299571606181426

2310 sanka the Destroyer (level 9, -3/66 HPs)
             Began as a Gnoll Conjurer on Aug 23, 2022.
             Was an Initiate of Ashenzari.
             Slain by a wyvern zombie (9 damage)
             ... in an ossuary.
             The game lasted 00:15:57 (8829 turns).

sanka the Destroyer (Gnoll Conjurer)                Turns: 8829, Time: 00:15:57

Health: -3/66      AC:  5    Str:  6    XL:     9   Next: 41%
Magic:  13/19      EV: 13    Int: 23    God:    Ashenzari [......]
Gold:   383        SH:  0    Dex: 10    Spells: 10/21 levels left

rFire   . . .      SeeInvis .    a - +1 dagger (elec)
rCold   . . .      Faith    .    (no shield)
rNeg    . . .      Spirit   .    z - +2 animal skin
rPois   .          Reflect  .    y - +0 helmet
rElec   .          Harm     .    (no cloak)
rCorr   +          Rampage  .    (no gloves)
Will    .....                    (no boots)
Stlth   +++.......               (no amulet)
HPRegen 0.21/turn                (no ring)
MPRegen 0.16/turn                A - ring of resist corrosion

@: no status effects
A: fangs 1, strong nose, distributed training
a: Renounce Religion


You were in an ossuary.
You worshipped Ashenzari.
Ashenzari was noncommittal.
You visited 2 branches of the dungeon, and saw 8 of its levels.
You also visited: Ossuary.

You collected 383 gold pieces.


Innate Abilities, Weirdness & Mutations

You have very sharp teeth.
Your uncanny sense of smell can sniff out nearby items.
Your experience applies equally to all skills.


   Skills:
 + Level 4.4 Fighting
 + Level 4.4 Short Blades
 + Level 4.4 Long Blades
 + Level 4.4 Axes
 + Level 4.4 Maces & Flails
 + Level 4.4 Polearms
 + Level 4.4 Staves
 + Level 4.4 Ranged Weapons
 + Level 4.4 Throwing
 + Level 4.4 Armour
 + Level 6.4 Dodging
 + Level 6.1 Stealth
 + Level 4.4 Shields
 + Level 4.4 Unarmed Combat
 + Level 6.7 Spellcasting
 + Level 8.0 Conjurations
 + Level 3.6 Hexes
 + Level 3.6 Summonings
 + Level 3.6 Necromancy
 + Level 3.6 Translocations
 + Level 3.6 Transmutations
 + Level 3.6 Fire Magic
 + Level 3.6 Ice Magic
 + Level 3.6 Air Magic
 + Level 3.6 Earth Magic
 + Level 3.6 Poison Magic
 + Level 4.8 Invocations
 + Level 4.4 Evocations


You had 10 spell levels left.
You knew the following spells:

 Your Spells              Type           Power      Damage    Failure   Level
x - Searing Ray           Conj           88%        2d7       1%          2
y - Flame Wave            Conj/Fire      34%        2d10      7%          4
z - Magic Dart            Conj           100%       1d8       1%          1
Z - Fulminant Prism       Conj/Hex       17%        3d11      7%          4

Your spell library contained the following spells:

 Spells                   Type           Power      Damage    Failure   Level
 Foxfire                  Conj/Fire      100%       2x1d9     1%          1
 Ensorcelled Hibernation  Hex/Ice        48%        N/A       2%          2
 Sublimation of Blood     Necr           24%        N/A       2%          2
 Wereblood                Tmut           24%        N/A       2%          2
 Conjure Flame            Conj/Fire      34%        6-21      2%          3
 Dazzling Flash           Conj/Hex       68%        N/A       2%          3
 Inner Flame              Hex/Fire       24%        N/A       5%          3
 Spider Form              Tmut/Pois      24%        N/A       5%          3
 Iskenderun's Mystic Bla  Conj/Tloc      34%        2d8       7%          4
 Anguish                  Hex/Necr       12%        N/A       19%         4
 Summon Hydra             Summ           12%        N/A       100%        7

Inventory:

Hand Weapons
 a - a +1 dagger of electrocution (weapon)
 b - a +0 dagger
 t - a +0 short sword
Missiles
 i - 10 poisoned darts
Armour
 j - a +0 robe
 y - a +0 helmet (worn)
 z - a +2 animal skin (worn)
 J - a +0 pair of boots
Magical Staves
 m - a staff of earth
Jewellery
 g - an amulet of reflection
 A - a ring of resist corrosion (right hand)
Wands
 I - a wand of iceblast (9)
Scrolls
 d - 14 scrolls of identify {unknown}
 e - a scroll of torment {unknown}
 f - a scroll of summoning {unknown}
 h - 3 scrolls of vulnerability {unknown}
 l - 2 scrolls of amnesia {unknown}
 n - 2 scrolls of noise {unknown}
 q - a scroll of poison {unknown}
 r - 3 scrolls of immolation {unknown}
 s - 2 scrolls of blinking {unknown}
 v - 3 scrolls of teleportation {unknown}
 w - a scroll of brand weapon {unknown}
 x - 2 scrolls of fog {unknown}
 D - a scroll of enchant armour {unknown}
 E - 4 scrolls of enchant weapon {unknown}
 F - a scroll of fear {unknown}
Potions
 c - 3 potions of flight {unknown}
 k - 2 potions of mutation {unknown}
 o - 2 potions of magic
 p - 3 potions of might {unknown}
 u - 3 potions of curing {unknown}
 B - 2 potions of ambrosia {unknown}
 C - a potion of brilliance {unknown}
 G - a potion of resistance {unknown}
 H - a potion of cancellation {unknown}
 K - a potion of haste {@q3}
 L - a potion of lignification {unknown}

Dungeon Overview and Level Annotations

Branches:
Dungeon (7/15)             Temple (1/1) D:4         Ossuary (1/1)

Altars:
Ashenzari
Cheibriados
Dithmenos
Elyvilon
Hepliaklqana
Kikubaaqudgha
Okawaru
Qazlal
Vehumet
Wu Jian
Zin
The Shining One

Shops:
D:3 ==((

▒ ≈ ~~▒~
≈▒ ~.▒▒≈
~.~~ ~~Z
▒▒▒▒▒.▒ ▒
∆∆∆
▒g..▒~+
▒≈▒ ∆∆∆
▒Z∩.'~▒~~▒
∆∆∆
▒∩..▒~..▒
▒▒▒▒▒~~▒▒
'...~
▒▒~▒~~≈▒
∆∆∆
▒.'.≈≈≈▒
∆∆∆
'.▒▒▒≈≈▒
∆∆∆ ▒~.
≈≈▒


You could see a wyvern zombie.


Message History

The howler monkey zombie closely misses you.
You hit the howler monkey zombie.
The howler monkey zombie is severely damaged.
The howler monkey zombie closely misses you.
You hit the howler monkey zombie.
The howler monkey zombie is severely damaged.
The howler monkey zombie closely misses you.
You hit the howler monkey zombie.
The howler monkey zombie is almost destroyed.
You hit the howler monkey zombie. You punch the howler monkey zombie.
You destroy the howler monkey zombie!
You start resting.
A wyvern zombie is nearby!
Magic courses through your body.
A wave of flame ripples out! (Press Numpad 5 to intensify the flame waves.)
A wave of flame ripples out!
The flame wave engulfs the wyvern zombie!
The wyvern zombie is moderately damaged.
The wyvern zombie bites you.
* * * LOW HITPOINT WARNING * * *
The wyvern zombie bites you!
* * * LOW HITPOINT WARNING * * *
A wave of flame ripples out!
The flame wave engulfs the wyvern zombie!
The wyvern zombie is heavily damaged.
You finish channelling waves of flame.
The wyvern zombie bites you!
You die...

Action                   |  1- 3 |  4- 6 |  7- 9 || total
-------------------------+-------+-------+-------++-------
Melee: Unarmed           |     3 |       |       ||     3
       Dagger            |       |    19 |    80 ||    99
       Bite              |       |     1 |    10 ||    11
       Punch             |       |       |     6 ||     6
 Cast: Magic Dart        |    83 |   109 |   139 ||   331
       Searing Ray       |       |    10 |    28 ||    38
       Flame Wave        |       |       |     4 ||     4
       Fulminant Prism   |       |       |     1 ||     1
Evoke: Wand              |       |       |     1 ||     1
  Use: Potion            |       |       |     1 ||     1
 Stab: Sleeping          |       |     1 |       ||     1
Armor: Robe              |     3 |     8 |       ||    11
       Animal skin       |       |     3 |    21 ||    24
Dodge: Dodged            |     7 |    32 |    54 ||    93

Levels and vault maps discovered:
D:1:      spicycebolla_arrival_clurvy, layout_basic, serial_aquarium,
          aquarium_bridge_square [aquarium_subvault_window,
          aquarium_subvault_balcony, aquarium_subvault_window,
          aquarium_subvault_bridge], aquarium_bridge_straight
          [aquarium_subvault_bridge, aquarium_subvault_window,
          aquarium_subvault_bridge, aquarium_subvault_wall],
          aquarium_window_corner, aquarium_window_fake, aquarium_window_1,
          aquarium_view_2f, aquarium_balcony_3a, aquarium_pool_corner,
          minmay_misc_feat_tower
D:2:      layout_basic, basic_altar, serial_curves, eino_curves_02,
          eino_curves_02, kennysheep_cluttered_room, minmay_pentomino_w4
D:3:      wad_woods_tower, layout_rooms, nicolae_wu_jian_glorious_leap,
          hellmonk_ecumenical_altar_leap_of_faith, serial_shops,
          nicolae_diamond_shop, nicolae_shop_crystal, shop, shop,
          hangedman_decor_growths, uniq_jessica
D:4:      layout_basic, temple_doors_ab, st_stairs_1, uniq_robin
D:5:      layout_loops_ring, minmay_misc_feat_square, uniq_menkaure,
          uniq_grinder, uniq_prince_ribbit1
D:6:      layout_rooms, mainiacjoe_overflow_24_doors,
          mainiacjoe_overflow_small_starburst, gammafunk_temple_overflow_wave
D:7:      layout_cave_pools, nemelex_diamond_rough_becter,
          chequers_temple_overflow_minitemple, nicolae_ossuary_entry_ruins,
          hex_medium, uniq_maggie
Temple:   hellmonk_temple_flake
Ossuary:  ossuary_zaba_flooded

Notes
Turn   | Place    | Note
-------+----------+-------------------------------------------
     0 | D:1      | sanka the Gnoll Conjurer began the quest for the Orb.
     0 | D:1      | Reached XP level 1. HP: 13/13 MP: 6/6
   190 | D:1      | Reached XP level 2. HP: 19/19 MP: 5/7
   212 | D:1      | Learned a level 2 spell: Searing Ray
   733 | D:1      | Reached skill level 5 in Spellcasting
   733 | D:1      | Reached XP level 3. HP: 25/25 MP: 4/9
  1153 | D:1      | Reached skill level 1 in Invocations
  1603 | D:2      | Reached skill level 1 in Fighting
  1603 | D:2      | Reached skill level 1 in Short Blades
  1603 | D:2      | Reached skill level 1 in Long Blades
  1603 | D:2      | Reached skill level 1 in Axes
  1603 | D:2      | Reached skill level 1 in Maces & Flails
  1603 | D:2      | Reached skill level 1 in Polearms
  1603 | D:2      | Reached skill level 1 in Staves
  1603 | D:2      | Reached skill level 1 in Ranged Weapons
  1603 | D:2      | Reached skill level 1 in Throwing
  1603 | D:2      | Reached skill level 1 in Armour
  1603 | D:2      | Reached skill level 1 in Shields
  1603 | D:2      | Reached skill level 1 in Unarmed Combat
  1603 | D:2      | Reached skill level 1 in Evocations
  1800 | D:2      | Reached XP level 4. HP: 32/32 MP: 4/11
  2122 | D:2      | Found a glowing silver altar of Zin.
  2184 | D:2      | Reached skill level 1 in Hexes
  2184 | D:2      | Reached skill level 1 in Summonings
  2184 | D:2      | Reached skill level 1 in Necromancy
  2184 | D:2      | Reached skill level 1 in Translocations
  2184 | D:2      | Reached skill level 1 in Transmutations
  2184 | D:2      | Reached skill level 1 in Fire Magic
  2184 | D:2      | Reached skill level 1 in Ice Magic
  2184 | D:2      | Reached skill level 1 in Air Magic
  2184 | D:2      | Reached skill level 1 in Earth Magic
  2184 | D:2      | Reached skill level 1 in Poison Magic
  2720 | D:3      | Noticed Jessica
  2720 | D:3      | Found Eklezin's Weapon Boutique.
  2721 | D:3      | Found Nyof's Weapon Boutique.
  2722 | D:3      | Killed Jessica
  2723 | D:3      | Reached XP level 5. HP: 37/37 MP: 12/12
  3201 | D:3      | Reached skill level 2 in Invocations
  3201 | D:3      | Reached XP level 6. HP: 44/44 MP: 1/13
  3401 | D:3      | Found a faded altar of an unknown god.
  3419 | D:3      | Found Ocaer's Jewellery Shop.
  3485 | D:3      | Found Noakh's Jewellery Shop.
  3549 | D:3      | Reached skill level 5 in Dodging
  3721 | D:3      | Reached skill level 2 in Fighting
  3721 | D:3      | Reached skill level 2 in Short Blades
  3721 | D:3      | Reached skill level 2 in Long Blades
  3721 | D:3      | Reached skill level 2 in Axes
  3721 | D:3      | Reached skill level 2 in Maces & Flails
  3721 | D:3      | Reached skill level 2 in Polearms
  3721 | D:3      | Reached skill level 2 in Staves
  3721 | D:3      | Reached skill level 2 in Ranged Weapons
  3721 | D:3      | Reached skill level 2 in Throwing
  3721 | D:3      | Reached skill level 2 in Armour
  3721 | D:3      | Reached skill level 2 in Shields
  3721 | D:3      | Reached skill level 2 in Unarmed Combat
  3721 | D:3      | Reached skill level 2 in Evocations
  4027 | D:3      | Found an ornate altar of the Wu Jian Council.
  4242 | D:4      | Noticed Robin
  4260 | D:3      | Killed Robin
  4433 | D:4      | Reached XP level 7. HP: 13/50 MP: 9/15
  4720 | D:4      | Reached skill level 2 in Hexes
  4720 | D:4      | Reached skill level 2 in Summonings
  4720 | D:4      | Reached skill level 2 in Necromancy
  4720 | D:4      | Reached skill level 2 in Translocations
  4720 | D:4      | Reached skill level 2 in Transmutations
  4720 | D:4      | Reached skill level 2 in Fire Magic
  4720 | D:4      | Reached skill level 2 in Ice Magic
  4720 | D:4      | Reached skill level 2 in Air Magic
  4720 | D:4      | Reached skill level 2 in Earth Magic
  4720 | D:4      | Reached skill level 2 in Poison Magic
  5162 | D:4      | Reached skill level 5 in Stealth
  5205 | D:4      | Found a staircase to the Ecumenical Temple.
  5210 | Temple   | Entered the Ecumenical Temple
  5714 | D:5      | Entered Level 5 of the Dungeon
  5768 | D:5      | Noticed Grinder
  5778 | D:5      | Killed Grinder
  5779 | D:5      | Reached skill level 3 in Invocations
  5913 | D:5      | Noticed Menkaure
  5918 | D:5      | Killed Menkaure
  5919 | D:5      | Reached skill level 3 in Fighting
  5919 | D:5      | Reached skill level 3 in Short Blades
  5919 | D:5      | Reached skill level 3 in Long Blades
  5919 | D:5      | Reached skill level 3 in Axes
  5919 | D:5      | Reached skill level 3 in Maces & Flails
  5919 | D:5      | Reached skill level 3 in Polearms
  5919 | D:5      | Reached skill level 3 in Staves
  5919 | D:5      | Reached skill level 3 in Ranged Weapons
  5919 | D:5      | Reached skill level 3 in Throwing
  5919 | D:5      | Reached skill level 3 in Armour
  5919 | D:5      | Reached skill level 3 in Shields
  5919 | D:5      | Reached skill level 3 in Unarmed Combat
  5919 | D:5      | Reached skill level 3 in Evocations
  5919 | D:5      | Reached XP level 8. HP: 9/58 MP: 8/16
  6188 | D:5      | Noticed Prince Ribbit
  6218 | D:5      | Killed Prince Ribbit
  6219 | D:5      | Reached skill level 6 in Spellcasting
  6772 | D:5      | Learned a level 4 spell: Fulminant Prism
  6777 | D:5      | Learned a level 4 spell: Flame Wave
  6824 | D:5      | Reached skill level 3 in Hexes
  6824 | D:5      | Reached skill level 3 in Summonings
  6824 | D:5      | Reached skill level 3 in Necromancy
  6824 | D:5      | Reached skill level 3 in Translocations
  6824 | D:5      | Reached skill level 3 in Transmutations
  6824 | D:5      | Reached skill level 3 in Fire Magic
  6824 | D:5      | Reached skill level 3 in Ice Magic
  6824 | D:5      | Reached skill level 3 in Air Magic
  6824 | D:5      | Reached skill level 3 in Earth Magic
  6824 | D:5      | Reached skill level 3 in Poison Magic
  6824 | D:5      | Reached skill level 4 in Invocations
  7309 | D:5      | Reached skill level 6 in Dodging
  7859 | D:6      | Found a shadowy altar of Dithmenos.
  7965 | D:6      | Reached XP level 9. HP: 65/65 MP: 8/18
  8125 | D:6      | Found a broken altar of Ashenzari.
  8125 | D:6      | Found an ancient bone altar of Kikubaaqudgha.
  8129 | D:6      | Became a worshipper of Ashenzari the Shackled
  8243 | D:6      | Found a stormy altar of Qazlal.
  8257 | D:6      | Reached skill level 4 in Fighting
  8257 | D:6      | Reached skill level 4 in Short Blades
  8257 | D:6      | Reached skill level 4 in Long Blades
  8257 | D:6      | Reached skill level 4 in Axes
  8257 | D:6      | Reached skill level 4 in Maces & Flails
  8257 | D:6      | Reached skill level 4 in Polearms
  8257 | D:6      | Reached skill level 4 in Staves
  8257 | D:6      | Reached skill level 4 in Ranged Weapons
  8257 | D:6      | Reached skill level 4 in Throwing
  8257 | D:6      | Reached skill level 4 in Armour
  8257 | D:6      | Reached skill level 4 in Shields
  8257 | D:6      | Reached skill level 4 in Unarmed Combat
  8257 | D:6      | Reached skill level 4 in Evocations
  8521 | D:7      | Reached skill level 6 in Stealth
  8521 | D:7      | Reached skill level 8 in Conjurations
  8526 | D:7      | Found a sand-covered staircase.
  8683 | Ossuary  | Entered an ossuary
  8828 | Ossuary  | HP: 6/66 [wyvern zombie (8)]
  8829 | Ossuary  | Slain by a wyvern zombie

Vanquished Creatures
  Grinder (D:5)
  Prince Ribbit (D:5)
  A steam dragon (D:7)
  Menkaure (D:5)
  An ogre (D:4)
  3 phantoms
  A bullfrog (D:4)
  A necrophage (D:6)
  3 scorpions
  A water moccasin zombie (Ossuary)
  A wyvern zombie (Ossuary)
  2 bullfrog zombies (Ossuary)
  2 hounds (D:5)
  2 orc priests (D:5)
  A gnoll bouda (D:3)
  2 iguanas (D:5)
  7 mummies (Ossuary)
  Jessica (D:3)
  6 orc wizards
  A howler monkey zombie (Ossuary)
  Robin (D:3)
  10 gnolls
  8 adders
  A white imp (D:7)
  An ufetubus (D:6)
  3 dart slugs
  26 orcs
  10 ball pythons
  4 bats
  11 endoplasms
  7 giant cockroaches
  16 goblins
  14 hobgoblins
  13 jackals
  2 kobolds
  9 quokkas
  3 frilled lizards
  10 rats
188 creatures vanquished.

Vanquished Creatures (others)
  A fulminant prism (D:5)
  41 plants (D:3)
  4 withered plants (Ossuary)
46 creatures vanquished.

Grand Total: 234 creatures vanquished
